 Dungeon Crawl Stone Soup version 0.30-a0-116-g3b1a8e4ee4 (webtiles) character file.

Game seed: 4539296580386268832

112 frimble the Vexing (level 4, 0/34 HPs)
             Began as a Demonspawn Hexslinger on Sept 12, 2022.
             Slain by Terence
             ... wielding a +0 falchion
              (6 damage)
             ... on level 3 of the Dungeon.
             The game lasted 00:01:53 (1516 turns).

frimble the Vexing (Demonspawn Hexslinger)          Turns: 1516, Time: 00:01:53

Health: 0/34       AC:  5    Str:  7 (10) XL:     4   Next: 63%
Magic:  5/5        EV: 12    Int: 11 (14) God:
Gold:   76         SH:  0    Dex: 15 (16) Spells: 4/5 levels left

rFire   . . .      SeeInvis .    b - +2 falchion (freeze)
rCold   . . .      Faith    .    (no shield)
rNeg    . . .      Spirit   .    c - +0 robe
rPois   .          Reflect  .    (no helmet)
rElec   .          Harm     .    (no cloak)
rCorr   .          Rampage  .    f - +2 pair of gloves
Will    .....                    (no boots)
Stlth   +.........               i - amulet of magic regeneration
HPRegen 0.11/turn                (no ring)
MPRegen 0.49/turn                (no ring)

@: mighty, brilliant
A: demonic guardian 2
a: no special abilities


You were on level 3 of the Dungeon.
You visited 1 branch of the dungeon, and saw 3 of its levels.

You collected 76 gold pieces.

Inventory:

Hand Weapons
 a - a +1 sling
 b - a +2 falchion of freezing (weapon)
Armour
 c - a +0 robe (worn)
 f - a +2 pair of gloves (worn)
Jewellery
 i - an amulet of magic regeneration (around neck)
Scrolls
 d - 5 scrolls of identify
 e - a scroll of poison
 m - a scroll of enchant weapon {unknown}
Potions
 g - 2 potions of curing
 h - a potion of degeneration
 l - a potion of attraction {unknown}


   Skills:
 + Level 2.5 Fighting
 + Level 2.0 Long Blades
 + Level 2.9 Ranged Weapons
 - Level 1.8 Dodging
 - Level 1.0 Spellcasting
 - Level 3.0 Hexes


You had 4 spell levels left.
You knew the following spells:

 Your Spells              Type           Power      Damage    Failure   Level
a - Slow                  Hex            40%        N/A       10%         1

Your spell library contained the following spells:

 Spells                   Type           Power      Damage    Failure   Level
 Inner Flame              Hex/Fire       5%         N/A       45%         3
 Portal Projectile        Hex/Tloc       10%        N/A       45%         3
 Cause Fear               Hex            5%         N/A       67%         4
 Animate Dead             Necr           0%         N/A       97%         4
 Haunt                    Necr/Summ      0%         N/A       100%        7
 Infestation              Necr           0%         N/A       100%        8


Dungeon Overview and Level Annotations

Branches:
Dungeon (3/15)

Altars:

Annotations:
D:3 Terence


Innate Abilities, Weirdness & Mutations

A demonic guardian rushes to your aid.


Message History

Okay, then.
The bat barely misses you. The bat hits you.
The ball python completely misses you. x2
Terence attacks as you move away! Terence hits you with a +0 falchion.
* * * LOW HITPOINT WARNING * * *
The ball python attacks as you move away!
The ball python closely misses you. The bat hits you.
* * * LOW HITPOINT WARNING * * *
The goblin attacks as you move away! The goblin misses you.
The bat hits you but does no damage. The bat attacks as you move away!
The bat closely misses you. x2
The bat hits you but does no damage. Terence attacks as you move away!
Terence barely misses you. The goblin attacks as you move away!
The goblin barely misses you.
Found 5 stones.
The bat hits you but does no damage.
There is a stone staircase leading down here.
Okay, then.
You aren't carrying any items that you can evoke.
Okay, then.
Unknown command.
It was a potion of degeneration.
There was something very wrong with that liquid.
You feel weakened.
You feel dopey.
You feel clumsy. Terence closely misses you.
It was a potion of brilliance.
You feel clever all of a sudden. Terence closely misses you.
It was a potion of might.
You feel very mighty all of a sudden. Terence hits you with a +0 falchion.
* * * LOW HITPOINT WARNING * * *
A demonic guardian appears!
You hit Terence but do no damage.
Terence is moderately wounded.
Terence misses you.
Your rust devil hits Terence.
Your rust devil corrodes Terence!
You hit Terence. You freeze Terence.
Terence is heavily wounded.
Terence hits you with a +0 falchion.
You die...

..##..............######....#...
..##.............[..............
####........................#...
.###.......).......$............
.#..............................
..................#.........#...
.................##.o......## ..
...##...........###g.......#
......###.##....@@Sbo......#
....####..##....4##o.......#
..#...##.###.....##>.......#
<.###..#)##......##........# ...
##..)##................# .#.
##...#......##........# .
#.#........##..#..###
........#......# .#.(#.
###............#


You could see Terence (corroded, ally target), 2 orcs, a goblin, a bat, a ball
python and a friendly rust devil (summoned).

Vanquished Creatures
  3 adders (D:2)
  3 dart slugs
  3 orcs (D:3)
  6 bats
  6 endoplasms
  3 goblins (D:2)
  4 hobgoblins
  3 quokkas
  4 ball pythons
  4 frilled lizards
  2 kobolds (D:1)
  4 rats
45 creatures vanquished.

Vanquished Creatures (collateral kills)
  An orc wizard (D:3)
  2 orcs (D:3)
3 creatures vanquished.

Grand Total: 48 creatures vanquished

Notes
Turn   | Place    | Note
-------+----------+-------------------------------------------
     0 | D:1      | frimble the Demonspawn Hexslinger began the quest for the
                  | Orb.
     0 | D:1      | Reached XP level 1. HP: 15/15 MP: 2/2
   283 | D:1      | Gained mutation: A weak demonic guardian rushes to your
                  | aid. [demonic ancestry]
   283 | D:1      | Reached XP level 2. HP: 21/21 MP: 3/3
   484 | D:2      | Reached skill level 1 in Long Blades
   532 | D:2      | Gained mutation: A demonic guardian rushes to your aid.
                  | [demonic ancestry]
   532 | D:2      | Reached XP level 3. HP: 25/27 MP: 4/4
  1091 | D:3      | Reached XP level 4. HP: 21/33 MP: 5/5
  1494 | D:3      | Noticed Terence
  1516 | D:3      | Slain by Terence

Illustrated notes

Levels and vault maps discovered:
D:1:      sevenhm_arrival_forest_fort_small_3, layout_basic
D:2:      layout_rooms, minmay_goblin_outpost
D:3:      layout_rooms, nicolae_overflow_crystal_walls, roderic_lattice_a,
          uniq_terence

Skill      XL: |  1  2  3  4 |
---------------+-------------+-----
Ranged Weapons | 2 |  2.9
Long Blades    | 1 2 |  2.0
Fighting       | 2 |  2.5
Dodging        | |  1.8
Spellcasting   | |  1.0
Hexes          | |  3.0

Action                   |  1- 3 |  4- 6 || total
-------------------------+-------+-------++-------
Melee: Falchion          |    12 |    25 ||    37
 Fire: Sling             |    87 |       ||    87
  Use: Scroll            |     3 |       ||     3
       Potion            |       |     3 ||     3
 Stab: Sleeping          |       |     2 ||     2
Armor: Robe              |    24 |    10 ||    34
Dodge: Dodged            |    31 |    27 ||    58

Table legend: (Time is in decaauts)
 A = Elapsed time spent in this place.
 B = Non-inter-level travel time spent in this place.
 C = Inter-level travel time spent in this place.
 D = Time resting spent in this place.
 E = Time spent auto-exploring this place.
 F = Levels seen in this place.
 G = Mean time per level.
                   A        B        C        D        E       F      G
               +--------+--------+--------+--------+--------+-----+--------+
         Total |   1546 |   1515 |     31 |      0 |   1201 |   3 |  515.3 |
       Dungeon |   1546 |   1515 |     31 |      0 |   1201 |   3 |  515.3 |
               +--------+--------+--------+--------+--------+-----+--------+

Top non-repeatable levels by time:
     D:2: 636 daAuts
     D:1: 467 daAuts
     D:3: 441 daAuts
